 Dungeon Crawl Stone Soup version 0.31-a0-180-g519b7de00c (webtiles) character file.

Game seed: 8898177042280814064

3264 senseless the Covert (level 10, -7/61 HPs)
             Began as an Octopode Conjurer on June 19, 2023.
             Was an Initiate of Vehumet.
             Mangled by an orc warrior
             ... wielding a +1 halberd of protection
              (18 damage)
             ... on level 8 of the Dungeon.
             The game lasted 00:29:56 (9591 turns).

senseless the Covert (Octopode Conjurer)            Turns: 9591, Time: 00:29:57

Health: -7/61      AC:  1    Str:  9    XL:     10   Next: 0%
Magic:  1/19       EV: 15    Int: 25    God:    Vehumet [......]
Gold:   153        SH:  0    Dex: 11    Spells: 4/21 levels left

rFire   . . .        a - +2 scimitar of Sitoaf {freeze, Str+3}
rCold   x . .        (no shield)
rNeg    + . .        (helmet restricted)
rPois   +            (no amulet)
rElec   .            d - ring of willpower
rCorr   +            h - ring of poison resistance
SInv    .            z - ring of wizardry
Will    +....        t - ring of resist corrosion
Stlth   +++++        v - ring of positive energy
HPRegen 0.30/turn    (no ring)
MPRegen 0.16/turn    (no ring)
                     (no ring)

%: wizardry (x1)
@: no status effects
A: almost no armour, amphibious, 8 rings, camouflage 1, gelatinous body 1,
(nimble swimmer 1), tentacles, robust 1, wild magic 1, cold vulnerability 1
a: Renounce Religion


You were on level 8 of the Dungeon.
You worshipped Vehumet.
Vehumet was noncommittal.
You visited 2 branches of the dungeon, and saw 9 of its levels.

You collected 452 gold pieces.
You spent 299 gold pieces at shops.

Inventory:

Hand Weapons
 a - the +2 scimitar of Sitoaf (weapon) {freeze, Str+3}
   (You found it on level 4 of the Dungeon)

   Str:       It affects your strength (+3).
 j - a +3 dagger of venom
 o - a +4 short sword
Magical Staves
 b - a staff of earth
 w - a staff of air
Jewellery
 d - a ring of willpower (left tentacle)
 h - a ring of poison resistance (right tentacle)
 t - a ring of resist corrosion (on tentacle)
 v - a ring of positive energy (on tentacle)
 z - a ring of wizardry (on tentacle)
Wands
 c - a wand of polymorph (9)
 k - a wand of quicksilver (14)
 x - a wand of flame (16)
Scrolls
 q - 2 scrolls of teleportation
 s - a scroll of fog
Potions
 e - a potion of magic
 f - 3 potions of lignification
 g - 2 potions of invisibility
 i - 3 potions of enlightenment
 l - a potion of might
 m - 3 potions of curing
 n - a potion of attraction
 p - 2 potions of haste
 r - a potion of berserk rage
 u - a potion of ambrosia
 A - 5 potions of heal wounds
 B - 2 potions of mutation
 C - a potion of brilliance


   Skills:
 * Level 7.0 Dodging
 + Level 8.5 Stealth
 * Level 6.3 Spellcasting
 * Level 7.7 Conjurations
 + Level 3.2 Hexes
 + Level 3.1 Translocations


You had 4 spell levels left.
You knew the following spells:

 Your Spells              Type           Power      Damage    Failure   Level
a - Magic Dart            Conj           100%       1d8       1%          1
b - Searing Ray           Conj           100%       2d8       1%          2
c - Dazzling Flash        Conj/Hex       92%        N/A       1%          3
d - Fulminant Prism       Conj/Hex       23%        3d12      4%          4
e - Iskenderun's Mystic   Conj/Tloc      45%        2d10      4%          4
f - Stone Arrow           Conj/Erth      70%        3d11      2%          3

Your spell library contained the following spells:

 Spells                   Type           Power      Damage    Failure   Level
 Slow                     Hex            100%       N/A       1%          1
 Blink                    Tloc           60%        N/A       2%          2
 Ensorcelled Hibernation  Hex/Ice        40%        N/A       3%          2
 Sandblast                Erth           20%        2d7       4%          1
 Sting                    Tmut/Pois      40%        1d5       4%          1
 Confusing Touch          Hex            31%        N/A       4%          3
 Passwall                 Tmut/Erth      8%         N/A       6%          2
 Poisonous Vapours        Pois/Air       20%        N/A       6%          2
 Manifold Assault         Tloc           30%        N/A       11%         4
 Passage of Golubria      Tloc           30%        N/A       11%         4
 Spider Form              Tmut/Pois      10%        N/A       12%         3
 Vampiric Draining        Necr           10%        2d6       12%         3
 Anguish                  Hex/Necr       10%        N/A       21%         4
 Olgreb's Toxic Radiance  Pois           10%        N/A       32%         4
 Freezing Cloud           Conj/Ice/Air   13%        6-21      32%         5
 Metabolic Englaciation   Hex/Ice        10%        N/A       45%         5
 Silence                  Hex/Air        10%        N/A       45%         5
 Storm Form               Tmut/Air       5%         N/A       100%        7
 Discord                  Hex            15%        N/A       100%        8
 Lehudib's Crystal Spear  Conj/Erth      17%        10d5      100%        8


Dungeon Overview and Level Annotations

Branches:
Dungeon (8/15)             Temple (1/1) D:6
   Lair: D:8-11

Altars:
Ashenzari
Cheibriados
Dithmenos
Elyvilon
Fedhas
Gozag
Hepliaklqana
Kikubaaqudgha
Makhleb
Nemelex Xobeh
Okawaru
Qazlal
Ru
Sif Muna
Trog
Uskayaw
Vehumet
Wu Jian
Yredelemnul
Zin
The Shining One

Shops:
D:8 !


Innate Abilities, Weirdness & Mutations

You cannot wear most types of armour.
You are amphibious.
You can wear up to eight rings at the same time.
Your skin changes colour to match your surroundings (Stealth+).
Your rubbery body absorbs attacks. (AC +1, EV +1)
((You are camouflaged when in or above water. (Stealth+)))
You have tentacles for arms and can constrict up to eight enemies at once.
You are robust. (+10% HP)
Your spells are a little harder to cast, but a little more powerful.
You are vulnerable to cold. (rC-)


Message History

Aiming: Searing Ray (safe; 1% risk of failure)
Press: ? - help, Shift-Dir - straight line, f/p - orc warrior
Aim: an orc warrior, wielding a +0 arbalest and wearing a +0 plate armour (moderately wounded, 83% to hit)
The searing ray hits the orc warrior but does no damage.
The orc warrior is moderately wounded. (Press . to maintain the ray.)
You feel sick.
The orc warrior shoots a bolt.
The bolt closely misses you.
The searing ray hits the orc warrior.
The orc warrior is heavily wounded.
You feel sick.
The orc warrior shoots a bolt.
The bolt misses you.
The searing ray hits the orc warrior!
The orc warrior is severely wounded.
You feel sick.
The orc warrior shoots a bolt.
The bolt hits you!
You feel sick.
You are no longer poisoned.
The orc warrior shoots a bolt.
The bolt barely misses you.
Items here: ( ) ††.
The orc warrior unwields a +0 arbalest.
The orc warrior wields a +1 halberd of protection.
The orc warrior hits you with a +1 halberd of protection!
* * * LOW HITPOINT WARNING * * *
You closely miss the orc warrior. Your grab misses the orc warrior.
You squeeze the orc warrior, but do no damage.
You hit the orc warrior but do no damage.
You grab the orc warrior.
The orc warrior is severely wounded.
You constrict the orc warrior.
The orc warrior hits you with a +1 halberd of protection.
* * * LOW HITPOINT WARNING * * *
You feel stronger.
The +2 scimitar of Sitoaf {freeze, Str+3} glows with a cold blue light!
a - the +2 scimitar of Sitoaf (weapon)
{freeze, Str+3} You constrict the orc warrior, but do no damage.
The orc warrior closely misses you.
You hit the orc warrior but do no damage.
You squeeze the orc warrior, but do no damage.
The orc warrior is severely wounded.
You constrict the orc warrior.
The orc warrior hits you with a +1 halberd of protection!!
You die...

##### #...#############
..######.#.o@).........#
...........###########.#
##.##..##### #.# #...##.
#####.###### .###.#.
#........... [..#. .
#.#########. ### #. .##
#.# #. #.. #. ..# #.#
#####. ## ...#.#
####.#####.....


You could see an orc warrior.

Vanquished Creatures
  Maurice (D:8)
  A wyvern (D:8)
  A water moccasin (D:6)
  An ice beast (D:7)
  A sky beast (D:6)
  4 ogres
  3 centaurs
  A phantom (D:4)
  3 kobold brigands
  A gnoll sergeant (D:6)
  2 bullfrogs (D:8)
  3 scorpions
  7 wights
  A killer bee (D:8)
  2 howler monkeys
  3 hounds (D:6)
  2 jellies
  3 orc priests
  A gnoll bouda (D:6)
  A sleepcap (D:7)
  4 orc wizards
  10 gnolls
  11 adders
  2 white imps
  A worm (D:2)
  4 dart slugs
  40 orcs
  8 ball pythons
  13 bats
  6 endoplasms
  4 giant cockroaches
  5 goblins
  5 hobgoblins
  3 jackals (D:4)
  6 quokkas
  5 frilled lizards
  19 kobolds
  5 rats
193 creatures vanquished.

Vanquished Creatures (others)
  A wizard (D:5)
1 creature vanquished.

Grand Total: 194 creatures vanquished

Notes
Turn   | Place    | Note
-------+----------+-------------------------------------------
     0 | D:1      | senseless the Octopode Conjurer began the quest for the
                  | Orb.
     0 | D:1      | Reached XP level 1. HP: 11/11 MP: 3/3
   124 | D:1      | Reached skill level 3 in Stealth
   206 | D:1      | Reached XP level 2. HP: 17/17 MP: 3/5
   723 | D:1      | Reached XP level 3. HP: 21/21 MP: 2/6
  1166 | D:1      | Learned a level 2 spell: Searing Ray
  1265 | D:2      | Found a basalt altar of Yredelemnul.
  1405 | D:2      | Reached XP level 4. HP: 21/27 MP: 1/7
  1535 | D:2      | Found a faded altar of an unknown god.
  1819 | D:2      | Reached skill level 4 in Stealth
  2318 | D:2      | Reached XP level 5. HP: 13/31 MP: 5/9
  3374 | D:4      | Reached XP level 6. HP: 30/36 MP: 3/10
  3483 | D:4      | Identified the +2 scimitar of Sitoaf {freeze, Str+3}
  3680 | D:4      | Reached skill level 5 in Conjurations
  3688 | D:4      | Reached skill level 5 in Stealth
  3783 | D:4      | Found a hide-covered altar of Uskayaw.
  4454 | D:4      | Gained mutation: You are vulnerable to cold. (rC-) [potion
                  | of mutation]
  4454 | D:4      | Gained mutation: You are robust. (+10% HP) [potion of
                  | mutation]
  4454 | D:4      | Gained mutation: Your spells are a little harder to cast,
                  | but a little more powerful. [potion of mutation]
  4467 | D:5      | Entered Level 5 of the Dungeon
  4477 | D:5      | Reached XP level 7. HP: 32/45 MP: 1/12
  4681 | D:5      | Found a white marble altar of Elyvilon.
  4716 | D:5      | Reached skill level 6 in Stealth
  4767 | D:5      | Found a bloodstained altar of Trog.
  4768 | D:5      | Noticed a wizard
  4774 | D:5      | Killed a wizard
  5055 | D:5      | Found a sacrificial altar of Ru.
  5069 | D:5      | Found an iron altar of Okawaru.
  5072 | D:5      | Found a hazy altar of Hepliaklqana.
  5082 | D:5      | Found a snail-covered altar of Cheibriados.
  5481 | D:5      | Reached XP level 8. HP: 45/50 MP: 14/14
  5698 | D:5      | Learned a level 3 spell: Dazzling Flash
  5703 | D:5      | Learned a level 4 spell: Fulminant Prism
  5708 | D:5      | Learned a level 4 spell: Iskenderun's Mystic Blast
  5976 | D:6      | Reached skill level 5 in Dodging
  6052 | D:6      | Reached skill level 7 in Stealth
  6057 | D:6      | Reached skill level 1 in Hexes
  6057 | D:6      | Reached skill level 1 in Translocations
  6475 | D:6      | Reached skill level 5 in Spellcasting
  6759 | D:6      | Reached XP level 9. HP: 17/56 MP: 2/16
  6979 | D:6      | Found a staircase to the Ecumenical Temple.
  7386 | Temple   | Entered the Ecumenical Temple
  7395 | Temple   | Became a worshipper of Vehumet
  8203 | D:7      | Identified the +1 ring mail "Feporyc" {rElec rC+ Int-3
                  | Stlth+}
  8220 | D:7      | Found the +0 toga "Victory" {*Victory Clar}
  8605 | D:8      | Reached skill level 8 in Stealth
  8820 | D:8      | Got the Incunable of Ensorcelling and Blows
  8911 | D:8      | Found Keadomo's Distillery.
  8920 | D:8      | Bought a potion of heal wounds for 65 gold pieces
  8920 | D:8      | Bought a potion of heal wounds for 65 gold pieces
  8920 | D:8      | Bought a potion of mutation for 104 gold pieces
  8920 | D:8      | Bought a potion of brilliance for 52 gold pieces
  8920 | D:8      | Bought a potion of degeneration for 13 gold pieces
  8967 | D:8      | Noticed Maurice
  8979 | D:8      | Killed Maurice
  9169 | D:8      | Learned a level 3 spell: Stone Arrow
  9583 | D:8      | Reached XP level 10. HP: 9/61 MP: 3/19
  9591 | D:8      | Mangled by an orc warrior

Illustrated notes

Levels and vault maps discovered:
D:1:      dpeg_arrival_rooms_b, layout_basic, corexii_leaking_fountain
D:2:      cheibrodos_helix_gallery, layout_rooms, basic_altar,
          shapermc_ecumenical_altar_mp_highgroup
D:3:      layout_rooms, grunt_ministairs_13, palyth_stone_intersect,
          kennysheep_nub
D:4:      layout_loops_ring, nicolae_uskayaw_dance_hall
D:5:      layout_layer_cave, trog_wizard, grunt_temple_overflow_cloverleaf,
          mainiacjoe_overflow_paths, saegor_snake_ambush
D:6:      layout_rooms, temple_statues
D:7:      layout_basic
D:8:      layout_loops_ring, serial_shops, nicolae_shop_advertising_works
          [nicolae_subvault_shop_adworks], grunt_ministairs_2, minivault_10,
          minmay_checkerbox, uniq_maurice
Temple:   nicolae_temple_two_arcs

Skill      XL: |  1  2  3  4  5  6  7  8  9 |
---------------+----------------------------+-----
Stealth        | 3 4 5 6 7 8 |  8.5
Dodging        | 3 4 5 7 |  7.0
Spellcasting   | 3 4 5 6 |  6.3
Conjurations   | 5 6 7 |  7.7
Hexes          | 2 3 |  3.2
Translocations | 1 3 |  3.1

Action                     |  1- 3 |  4- 6 |  7- 9 | 10-12 || total
---------------------------+-------+-------+-------+-------++-------
  Melee: Unarmed           |     1 |       |       |       ||     1
         Dagger            |    18 |    31 |       |       ||    49
         Constrict         |     4 |    12 |     2 |     1 ||    19
         Tentacles         |     3 |     8 |     6 |     2 ||    19
         Punch             |       |     1 |       |       ||     1
         Scimitar          |       |     3 |    34 |     1 ||    38
         Staff             |       |       |     5 |     2 ||     7
   Cast: Magic Dart        |    63 |   118 |   134 |       ||   315
         Searing Ray       |       |     8 |    39 |     1 ||    48
         Stone Arrow       |       |       |     8 |       ||     8
    Use: Scroll            |       |    12 |     7 |       ||    19
         Potion            |       |     1 |       |     1 ||     2
   Stab: Sleeping          |       |       |     1 |       ||     1
 Armour: Skin              |     1 |     4 |     4 |       ||     9
  Dodge: Dodged            |    11 |    29 |    66 |     4 ||   110

Table legend: (Time is in decaauts)
 A = Elapsed time spent in this place.
 B = Non-inter-level travel time spent in this place.
 C = Inter-level travel time spent in this place.
 D = Time resting spent in this place.
 E = Time spent auto-exploring this place.
 F = Levels seen in this place.
 G = Mean time per level.
                   A        B        C        D        E       F      G
               +--------+--------+--------+--------+--------+-----+--------+
         Total |   9610 |   9310 |    300 |    685 |   7421 |   9 | 1067.8 |
       Dungeon |   9516 |   9226 |    290 |    685 |   7353 |   8 | 1189.5 |
        Temple |     93 |     83 |     10 |      0 |     68 |   1 |   93.0 |
               +--------+--------+--------+--------+--------+-----+--------+

Top non-repeatable levels by time:
     D:5: 1718 daAuts
     D:2: 1248 daAuts
     D:4: 1218 daAuts
     D:6: 1211 daAuts
     D:1: 1184 daAuts
     D:8: 1045 daAuts
     D:7: 980 daAuts
     D:3: 908 daAuts
  Temple: 93 daAuts
